 Dungeon Crawl Stone Soup version 0.28-a0-1159-g27aa881441 (webtiles) character file.

Game seed: 16716046739925668523

18 BeingJoeMalik the Slasher (level 2, 0/16 HPs)
             Began as a Vine Stalker Fighter on Dec 16, 2021.
             Succumbed to an adder's poison
             ... on level 2 of the Dungeon.
             The game lasted 00:01:26 (840 turns).

BeingJoeMalik the Slasher (Vine Stalker Fighter)     Turns: 840, Time: 00:01:27

Health: 0/16       AC:  6    Str: 18    XL:     2   Next: 70%
Magic:  2/3        EV:  9    Int:  8    God:
Gold:   55         SH:  0    Dex: 13    Spells: 1/1 levels left

rFire   + . .      SeeInvis .   a - +0 long sword
rCold   + . .      Faith    .   (no shield)
rNeg    . . .      Spirit   +   b - +0 scale mail
rPois   +          Reflect  .   (no helmet)
rElec   +          Harm     .   (no cloak)
rCorr   +          Rampage  .   (no gloves)
Will    .....                   (no boots)
Stlth   ..........              (no amulet)
HPRegen 0.05/turn               (no ring)
MPRegen 0.08/turn               (no ring)

@: lethally poisoned (0 -> -11), resistant
A: fangs 2, magic shield, antimagic bite, no potion heal 2
a: no special abilities


You were on level 2 of the Dungeon.
You visited 1 branch of the dungeon, and saw 2 of its levels.

You collected 55 gold pieces.

Inventory:

Hand Weapons
 a - a +0 long sword (weapon)
 h - a +2 dagger of freezing
Armour
 b - a +0 scale mail (worn)
 c - a +0 buckler
Scrolls
 f - a scroll of amnesia {unknown}
 i - a scroll of immolation {unknown}
Potions
 d - a potion of might
 g - a potion of heal wounds {unknown}


   Skills:
 - Level 2.6 Fighting
 + Level 2.9 Long Blades
 - Level 2.4 Armour
 - Level 2.6 Shields


You had one spell level left.
You didn't know any spells.
Your spell library was empty.

Dungeon Overview and Level Annotations

Branches:
Dungeon (2/15)

Altars:


Innate Abilities, Weirdness & Mutations

You have extremely sharp teeth.
When hurt, damage is shared between your health and your magic reserves.
Your bite disrupts and absorbs the magic of your enemies.
Potions cannot restore your health.


Message History

You are frozen.
You hit the endoplasm but do no damage. You bite the endoplasm.
You kill the endoplasm!
A giant cockroach comes into view.
The giant cockroach bites you but does no damage.
You hit the giant cockroach.
You kill the giant cockroach!
You see here a giant cockroach corpse.
Found a robe.
Found a stone staircase leading down.
i - a scroll labelled RESIWNUAMU You now have 55 gold pieces (gained 9).
Found a stone staircase leading down.
A worm and a dart slug come into view.
An adder comes into view.
You closely miss the adder. The adder bites you but does no damage.
You miss the adder. The adder bites you.
You are poisoned.
The adder poisons you! The adder bites you.
You are lethally poisoned!
The adder poisons you!
You closely miss the adder. You bite the adder. You drain its power.
You feel invigorated.
The adder is lightly wounded.
You feel very sick. The adder barely misses you. x2
You are too injured to fight recklessly!
You closely miss the adder. Your bite misses the adder.
The adder is lightly wounded.
You feel sick. The adder barely misses you. x2
You hit the adder but do no damage. Your bite misses the adder.
The adder is lightly wounded.
* * * LOW HITPOINT WARNING * * *
You feel sick. The adder bites you.
* * * LOW HITPOINT WARNING * * *
You are more poisoned.
The adder poisons you!
It was a potion of resistance.
You feel protected.
You die...

#.#####.##.# ##.......##.#
## ......>.##.###...
..#.####....>.........
....w....#...###...#
...w..S............#
.....#####ww.####.## ...#.
##S#####.# #... ##@#.....#
#..# ######....###.# #..#
#.........[...#
####..###.####....#.#.#
.......#.# ##.#.....#
#..#.#.#####.###.#######.##
#............##...........#
##.############..#######..#
#.# #####..##### #..#


You could see a worm, an adder and a dart slug.

Vanquished Creatures
  A ball python (D:1)
  4 endoplasms
  A giant cockroach (D:2)
  2 goblins (D:1)
  A hobgoblin (D:1)
  A quokka (D:1)
  2 bats
  2 frilled lizards (D:1)
  A kobold (D:2)
  A rat (D:1)
16 creatures vanquished.

Notes
Turn   | Place    | Note
-------+----------+-------------------------------------------
     0 | D:1      | BeingJoeMalik the Vine Stalker Fighter began the quest for
                  | the Orb.
     0 | D:1      | Reached XP level 1. HP: 11/11 MP: 2/2
   217 | D:1      | Reached XP level 2. HP: 14/16 MP: 3/3
   840 | D:2      | Succumbed to an adder's poison

Illustrated notes

Levels and vault maps discovered:
D:1:      sevenhm_arrival_forest_fort_small_4, layout_loops_ring,
          wad_floor_pattern_1
D:2:      layout_loops_ring, minmay_misc_feat_four_crosses

Skill      XL: |  1 |
---------------+----+-----
Long Blades    | 2 |  2.9
Fighting       | |  2.6
Armour         | |  2.4
Shields        | |  2.6

Action                   || total
-------------------------++-------
Melee: Long sword        ||    33
       Bite              ||     5
  Use: Potion            ||     1
Armor: Scale mail        ||    13
Dodge: Dodged            ||    26

Table legend: (Time is in decaauts)
 A = Elapsed time spent in this place.
 B = Non-inter-level travel time spent in this place.
 C = Inter-level travel time spent in this place.
 D = Time resting spent in this place.
 E = Time spent auto-exploring this place.
 F = Levels seen in this place.
 G = Mean time per level.
                   A        B        C        D        E       F      G
               +--------+--------+--------+--------+--------+-----+--------+
         Total |    853 |    830 |     23 |      0 |    704 |   2 |  426.5 |
       Dungeon |    853 |    830 |     23 |      0 |    704 |   2 |  426.5 |
               +--------+--------+--------+--------+--------+-----+--------+

Top non-repeatable levels by time:
     D:1: 565 daAuts
     D:2: 288 daAuts
